 Dungeon Sprint DCSS version 0.16-a0-3940-gf8a207b (webtiles) character file.

341 BluebellGnoll the Covert (level 6, 0/28 HPs)
             Began as a Spriggan Enchanter on Feb 7, 2015.
             Was an Initiate of Vehumet.
             Slain by Sonja
             ... wielding a +0 short sword of draining
              (1 damage)
             ... in the Dungeon (Sprint I: "Red Sonja").
             The game lasted 00:03:04 (192 turns).

BluebellGnoll the Covert (Spriggan Enchanter)        Turns: 192, Time: 00:03:05

Health: 0/28       AC:  3    Str:  4    XL:     6   Next: 30%
Magic:  17/24      EV: 17    Int: 18    God:    Vehumet [......]
Gold:   129        SH:  0    Dex: 17    Spells: 6 memorised, 7 levels left

rFire  . . .     SeeInvis +     a - +1 dagger
rCold  . . .     Clarity  .     b - +1 robe
rNeg   . . .     SustAb   .     (shield restricted)
rPois  .         Gourm    .     (helmet restricted)
rElec  .         Spirit   .     (no cloak)
rCorr  .         Warding  .     (gloves unavailable)
rMut   .         NoTele   +     (boots unavailable)
MR     +....                    (no amulet)
Stlth  ++++++....               (no ring)
                                (no ring)

@: lethally poisoned (0 -> -3), slowed, heavily drained, quick, somewhat
resistant to hostile enchantments, very stealthy
A: unfitting armour, see invisible, herbivore 3, speed 3, slow metabolism 2
a: Renounce Religion


You were in the Dungeon.
You worshipped Vehumet.
Vehumet was noncommittal.
You were not hungry.

You visited 1 branch You collected 297 gold pieces.
You spent 168 gold pieces at shops.

Inventory:

Hand weapons
 a - a +1 dagger (weapon)
 k - the -1 dagger "Guilu" {holy, rElec rC+ MR- Str+3 Int-2}
   (You bought it in a shop in the Dungeon)

   It has been blessed by the Shining One to cause great damage to the undead
   and demons.
   It affects your strength (+3).
   It affects your intelligence (-2).
   It protects you from cold.
   It insulates you from electricity.
   It affects your resistance to hostile enchantments.
Armour
 b - a +1 robe (worn)
Scrolls
 i - a scroll of identify {unknown}
 j - a scroll of blinking
Potions
 e - a potion of curing
 f - 2 potions of heal wounds
 g - a potion of haste
 h - 2 potions of magic
Books
 c - a book of Maledictions

   Spells                             Type                      Level
   a - Corona                         Hexes                        1
   b - Sure Blade                     Hexes/Charms                 2
   c - Ensorcelled Hibernation        Hexes/Ice                    2
   d - Confuse                        Hexes                        3
   e - Dazzling Spray                 Conjuration/Hexes            3
   f - Enslavement                    Hexes                        4
Comestibles
 d - a bread ration


   Skills:
 - Level 1.1(0.0) Short Blades
 + Level 3.0(1.5) Dodging
 - Level 13.8(11.8) Stealth
 - Level 8.5(6.7) Spellcasting
 - Level 9.7(7.9) Hexes


You had 7 spell levels left.
You knew the following spells:

 Your Spells              Type           Power        Failure   Level  Hunger
a - Corona                Hex            ####...      1%          1    None
b - Ensorcelled Hibernat  Hex/Ice        ###...       3%          2    None
c - Confuse               Hex            ####....     1%          3    ##.....
d - Sure Blade            Hex/Chrm       ###.......   3%          2    None
e - Dazzling Spray        Conj/Hex       ###.....     10%         3    ##.....
f - Enslavement           Hex            ####....     4%          4    ####...


Dungeon Overview and Level Annotations

Branches:
Dungeon (1/1)

Altars:
Elyvilon
Gozag
Kikubaaqudgha
Makhleb
Nemelex Xobeh
Okawaru
Qazlal
Ru
Sif Muna
Trog
Vehumet
Xom
Yredelemnul
Zin
The Shining One
Jiyva

Shops:
D (

Annotations:
D Sonja


Innate Abilities, Weirdness & Mutations

You are tiny and cannot use many weapons and most armour.
You have supernaturally acute eyesight.
You are a herbivore.
You cover ground extremely quickly.
You need consume almost no food.


Message History

You feel sick.
Sonja opens the door.
Sonja is no longer blind.
Sonja hits you with an uncursed short sword of draining.
You feel drained. Sonja hits you but does no damage.
You feel drained. Sonja hits you but does no damage.
You feel drained.
Found a viscous altar of Jiyva.
You see here 16 stones.
You hit Sonja.
Sonja is heavily wounded.
Sonja hits you with an uncursed short sword of draining.
* * * LOW HITPOINT WARNING * * *
You feel drained.
* * * LOW HITPOINT WARNING * * *
Sonja hits you with an uncursed short sword of draining.
* * * LOW HITPOINT WARNING * * *
You feel drained.
Sonja hits you with an uncursed short sword of draining.
* * * LOW HITPOINT WARNING * * *
You feel drained.
You die...

##################
#<.#.)').#.)'..#_
#..'..#..'..#..'
#..#####'#####K#
#..####..#...#@#
#..#__####..##.#
#..#_..__##'#..+
#⌠⌠#_.∩...'.(._#
####_..._##_.#'#
#_____###'#(#
####### #.###
+$.$+ #(.$#


You could see Sonja.

Vanquished Creatures
  A yak (D)
  An ogre (D)
  Sigmund (D)
  A jelly (D)
  Ijyb (D)
5 creatures vanquished.

Notes
Turn   | Place    | Note
--------------------------------------------------------------
     0 | D        | BluebellGnoll, the Spriggan Enchanter, began the quest for the Orb.
     0 | D        | Reached XP level 1. HP: 9/9 MP: 4/4
     2 | D        | Noticed Ijyb
     7 | D        | Noticed an ogre
    13 | D        | Killed an ogre
    13 | D        | Reached skill level 13 in Stealth
    13 | D        | Reached XP level 2. HP: 13/13 MP: 7/7
    13 | D        | Reached XP level 3. HP: 16/16 MP: 9/9
    13 | D        | Reached XP level 4. HP: 21/21 MP: 12/12
    20 | D        | Killed Ijyb
    56 | D        | Learned a level 2 spell: Ensorcelled Hibernation
    60 | D        | Learned a level 3 spell: Confuse
    63 | D        | Learned a level 2 spell: Sure Blade
    64 | D        | Noticed Sigmund
    67 | D        | Killed Sigmund
    67 | D        | Reached skill level 5 in Spellcasting
    67 | D        | Reached XP level 5. HP: 24/24 MP: 11/19
    80 | D        | Found a deep blue altar of Sif Muna.
    81 | D        | Noticed a jelly
    82 | D        | Found a radiant altar of Vehumet.
    86 | D        | Killed a jelly
    92 | D        | Became a worshipper of Vehumet
   116 | D        | Learned a level 3 spell: Dazzling Spray
   116 | D        | Found Pacwod's Antique Weapon Emporium.
   116 | D        | Found a white marble altar of Elyvilon.
   116 | D        | Found a stormy altar of Qazlal.
   116 | D        | Found a basalt altar of Yredelemnul.
   116 | D        | Found an iron altar of Okawaru.
   116 | D        | Found a sparkling altar of Nemelex Xobeh.
   116 | D        | Found a shimmering altar of Xom.
   116 | D        | Found an ancient bone altar of Kikubaaqudgha.
   116 | D        | Noticed a yak
   117 | D        | Found a burning altar of Makhleb.
   117 | D        | Found a sacrificial altar of Ru.
   117 | D        | Found a glowing golden altar of the Shining One.
   117 | D        | Found an opulent altar of Gozag.
   117 | D        | Found a glowing silver altar of Zin.
   119 | D        | Killed a yak
   119 | D        | Reached XP level 6. HP: 28/28 MP: 14/24
   125 | D        | Learned a level 4 spell: Enslavement
   125 | D        | Found a bloodstained altar of Trog.
   129 | D        | Bought a shimmering dagger for 168 gold pieces
   129 | D        | Identified the -1 dagger "Guilu" {holy, rElec rC+ MR- Str+3 Int-2} (You bought it in a shop in the Dungeon)
   176 | D        | Noticed Sonja
   191 | D        | Found a viscous altar of Jiyva.
   192 | D        | HP: 1/28 [Sonja/uncursed short sword of draining (3)]
   192 | D        | Slain by Sonja

Action                   |  1- 3 |  4- 6 || total
-------------------------+-------+-------++-------
Melee: Dagger            |     5 |    15 ||    20
 Cast: Sure Blade        |       |     1 ||     1
       Ensorcelled Hiber |       |     2 ||     2
       Dazzling Spray    |       |     3 ||     3
  Use: Potion            |     1 |       ||     1
 Stab: Sleeping          |       |     3 ||     3
